AoeStats
← JLTijs07

Arabia

510479933Analyzed
1v1 RM · 14h ago on Oct 1, 2026· 50m 21s· 2 players
Game mode
Random Map
Map size
Tiny (2 player)
Population
200
Speed
Normal
Resources
Standard
Victory
Conquest
Starting age
Dark Age
Ending age
Imperial Age
RankedLock teamsTeams togetherTeam positionsShared explorationLock speedFull tech treeHidden civsTurbo modeCheats
Victory
Defeat
🇲🇾 Franks · Malaysia
1018
+16
🇲🇽 Lithuanians · Mexico
1021
-16
kamdalf5
0:52 Loom
11:27 Feudal Age
17:43 Castle Age
16:59 Double-Bit Axe
17:08 Town Watch
29:46 Imperial Age
29:06 Bow Saw
28:52 Gold Mining
30:29 Wheelbarrow
32:51 Hand Cart
33:07 Conscription
32:56 Ordonnance Companies
33:55 Forging
33:46 Scale Mail Armor
35:15 Squires
35:26 Pikeman
35:52 Arson
37:34 Iron Casting
39:03 Halberdier
41:48 Blast Furnace
42:12 Chain Mail Armor
43:56 Plate Mail Armor
47:18 Ballistics
47:10 Elite Throwing Axeman
JLTijs07
7:06 Loom
9:44 Feudal Age
11:14 Double-Bit Axe
18:52 Castle Age
19:48 Bloodlines
22:07 Wheelbarrow
23:48 Horse Collar
24:54 Pikeman
33:26 Imperial Age
32:15 Hand Cart
32:40 Husbandry
34:25 Squires
35:03 Bow Saw
35:51 Elite Skirmisher
36:38 Thumb Ring
37:20 Ballistics
37:02 Gold Mining
37:21 Heavy Plow
40:13 Chemistry
40:27 Forging
40:08 Fletching
40:18 Scale Mail Armor
40:23 Scale Barding Armor
42:37 Conscription
42:25 Light Cavalry
43:52 Iron Casting
43:12 Bodkin Arrow
43:21 Padded Archer Armor
44:31 Town Watch
47:04 Winged Hussar
Connection lost

Rejoining the realm…

Still unreachable

The connection could not be restored.

Session expired

The server has moved on; the page needs a fresh start.